 Dungeon Crawl Stone Soup version 0.20.1-1-g8b1a95d (webtiles) character file.

5274 Jazqa the Fighter (level 10, 0/69 HPs)
             Began as a Gargoyle Gladiator on Oct 30, 2017.
             Was an Elder of Cheibriados.
             Slain by a komodo dragon (23 damage)
             ... on level 9 of the Dungeon.
             The game lasted 00:14:05 (8422 turns).

Jazqa the Fighter (Gargoyle Gladiator)              Turns: 8422, Time: 00:14:06

Health: 0/69       AC: 16    Str: 27    XL:     10   Next: 63%
Magic:  0/13       EV: 13    Int: 15    God:    Cheibriados [****..]
Gold:   533        SH:  0    Dex: 22    Spells: 9/9 levels left

rFire    + . .     SeeInvis .   x - +6 whip "Kiteet" {vamp, +Inv +Fly rN+ Int-4}
rCold    + . .     Gourm    .   (no shield)
rNeg     + + .     Faith    .   y - +2 ring mail {rC+}
rPois    ∞         Spirit   +   c - +0 helmet
rElec    +         Reflect  .   B - scarf {Spirit}
rCorr    .         Harm     .   (no gloves)
MR       .....                  (no boots)
Stlth    +.........             (no amulet)
Regen    0.3/turn               F - ring of protection from fire
MPRegen  0.2/turn               (no ring)

@: very slow
A: negative energy resistance 1, electricity resistance, unbreathing,
petrification resistance, rot immunity, AC +7
a: Bend Time, Temporal Distortion, Slouch, Renounce Religion, Evoke
Invisibility, Evoke Flight


You were on level 9 of the Dungeon.
You worshipped Cheibriados.
Cheibriados was greatly pleased with you.
You were hungry.

You visited 2 branches of the dungeon, and saw 10 of its levels.
You also visited: Ossuary.

You collected 533 gold pieces.


Innate Abilities, Weirdness & Mutations

You are resistant to torment.
Your stone body is resilient. (AC +7)
You are immune to poison.
You resist negative energy. (rN+)
You are resistant to electric shocks. (rElec)
You can survive without breathing.
You are immune to petrification.
You are immune to rotting.


   Skills:
 + Level 11.0 Fighting
 + Level 3.7(7.1) Maces & Flails
 - Level 9.4(9.7) Staves
 - Level 1.7 Throwing
 + Level 4.9 Armour
 - Level 2.4 Dodging
 + Level 5.1 Invocations


You had 9 spell levels left.
You didn't know any spells.

Inventory:

Hand Weapons
 a - a +1 quarterstaff
 x - the +6 whip "Kiteet" (weapon) {vamp, +Inv +Fly rN+ Int-4}
   (You found it on level 7 of the Dungeon)

   It inflicts no extra harm, but heals its wielder when it wounds a living foe.
   It affects your intelligence (-4).
   It protects you from negative energy.
   It lets you turn invisible.
   It lets you fly.
Missiles
 d - 3 throwing nets (quivered) {=f}
Armour
 c - a +0 helmet (worn)
 y - a +2 ring mail of cold resistance (worn)
 B - a scarf of spirit shield (worn)
Jewellery
 F - a ring of protection from fire (left hand)
Wands
 n - a wand of flame (23/48)
 t - a wand of enslavement (20/24)
 u - a wand of scattershot (3/9)
Scrolls
 h - 9 scrolls of identify {@r1}
 i - a scroll of enchant weapon
 l - 5 scrolls of teleportation {@r4}
 m - 4 scrolls of remove curse {@r2}
 o - 6 scrolls of magic mapping
 p - 2 scrolls of fog
 s - a scroll of amnesia {unknown}
 v - a scroll of enchant armour {unknown}
Potions
 e - a potion of invisibility
 g - 2 potions of mutation {unknown}
 k - 2 potions of haste {unknown}
 q - 2 potions of brilliance
 r - 3 potions of heal wounds {@q2}
 w - a potion of curing {@q1}
Books
 z - a book of Clouds

   Spells                             Type                      Level
   a - Poisonous Vapours              Poison/Air                   2
   b - Mephitic Cloud                 Conjuration/Poison/Air       3
   c - Conjure Flame                  Conjuration/Fire             3
   d - Freezing Cloud                 Conjuration/Ice/Air          6
   e - Ring of Flames                 Charms/Fire                  7
Comestibles
 b - 2 fruits {@e2}
 f - 9 bread rations {@e1}
 j - 2 meat rations {@e1}

Dungeon Overview and Level Annotations

Branches:
Dungeon (9/15)             Temple (1/1) D:4
   Lair: D:8-11         Orc: D:9-12

Altars:
Ashenzari
Cheibriados
Dithmenos
Elyvilon
Fedhas
Gozag
Hepliaklqana
Kikubaaqudgha
Makhleb
Nemelex Xobeh
Okawaru
Qazlal
Ru
Sif Muna
Trog
Uskayaw
Vehumet
Xom
The Shining One

##### ...# ..# #.#
#.##▒##▒▒▒
#....@l..#
#.#######...# #.# ▒
#.# #.# #.##
########## #..#
#........#
#.[#######......(.#
#.................#


You could see a komodo dragon.


Message History

The komodo dragon bites you!
You hit the komodo dragon.
The komodo dragon is moderately wounded.
The komodo dragon barely misses you.
You barely miss the komodo dragon.
The komodo dragon is moderately wounded.
You barely miss the komodo dragon.
The komodo dragon is moderately wounded.
The komodo dragon closely misses you.
You whack the komodo dragon!
The komodo dragon is heavily wounded.
The komodo dragon bites you!!
* * * LOW HITPOINT WARNING * * *
You completely miss the komodo dragon.
The komodo dragon is heavily wounded.
The komodo dragon bites you!
* * * LOW HITPOINT WARNING * * *
You hit the komodo dragon.
You feel better.
The komodo dragon is heavily wounded.
You hit the komodo dragon.
The komodo dragon is severely wounded.
The komodo dragon bites you!
* * * LOW HITPOINT WARNING * * *
Unknown command.
You feel much better.
The komodo dragon bites you but does no damage.
You closely miss the komodo dragon.
The komodo dragon is severely wounded.
The komodo dragon bites you!!
You die...

Skill      XL: |  1  2  3  4  5  6  7  8  9 10 |
---------------+-------------------------------+-----
Fighting       | 3 4 5 6 7 8 10 11 | 11.0
Staves         | 4 5 6 8 9 |  9.4
Armour         | 3 4 |  4.9
Invocations    | 3 5 |  5.1
Maces & Flails | 1 3 |  3.7
Throwing       | |  1.7
Dodging        | |  2.4

Action                   |  1- 3 |  4- 6 |  7- 9 | 10-12 || total
-------------------------+-------+-------+-------+-------++-------
Melee: Quarterstaff      |    98 |   258 |   416 |       ||   772
       Whip              |       |       |    28 |   168 ||   196
Invok: Bend Time         |       |       |     1 |       ||     1
  Use: Potion            |     1 |     5 |     1 |     2 ||     9
       Scroll            |       |       |     9 |       ||     9
 Stab: Sleeping          |       |     1 |       |       ||     1
  Eat: Chunk             |       |     7 |     8 |     1 ||    16
       Meat ration       |       |       |     1 |       ||     1
       Royal jelly       |       |       |     1 |       ||     1
Armor: Leather armour    |    31 |    81 |    76 |       ||   188
       Scale mail        |       |       |   151 |     9 ||   160
       Ring mail         |       |       |       |    40 ||    40
Dodge: Dodged            |    63 |   134 |   299 |    86 ||   582

Vault maps used:
D:1:      lightli_arrival_statue_moat
D:2:      tso_metal_star, nicolae_overflow_hidden_temple, first_bread,
          lemuel_flame_loot_1
D:3:      nicolae_dithmenos_through_a_glass_darkly
D:4:      fedhas_bush_and_centaur_altar, minmay_temple_entry_large_hall,
          saegor_snake_ambush, uniq_pikel, uniq_sigmund
D:5:      uniq_eustachio
D:6:      kb_xom_exploding_sheep
D:7:      enter_ossuary_2
D:8:      the_bakery, uniq_grum
D:9:      erik_lair_dragon, grunt_tough_drop
Temple:   hc_temple_tempest_star
Ossuary:  ossuary_tomb_1

Notes
Turn   | Place    | Note
-------+----------+-------------------------------------------
     0 | D:1      | Jazqa the Gargoyle Gladiator began the quest for the Orb.
     0 | D:1      | Reached XP level 1. HP: 12/12 MP: 1/1
   180 | D:1      | Reached XP level 2. HP: 18/18 MP: 2/2
   644 | D:1      | Reached XP level 3. HP: 19/22 MP: 3/3
   649 | D:1      | Reached skill level 3 in Fighting
   946 | D:2      | Reached skill level 4 in Staves
   946 | D:2      | Reached XP level 4. HP: 13/28 MP: 4/4
  1220 | D:2      | Found a glowing golden altar of the Shining One.
  1839 | D:3      | Reached skill level 4 in Fighting
  1927 | D:3      | Reached XP level 5. HP: 21/33 MP: 5/5
  2256 | D:3      | Found a shadowy altar of Dithmenos.
  2825 | D:3      | Reached skill level 5 in Fighting
  2825 | D:3      | Reached skill level 5 in Staves
  2825 | D:3      | Reached XP level 6. HP: 40/40 MP: 6/6
  3123 | D:4      | Noticed a slave
  3124 | D:4      | Noticed a slave
  3126 | D:4      | Noticed Pikel
  3128 | D:4      | Noticed a slave
  3130 | D:4      | Noticed a slave
  3152 | D:4      | Killed a slave
  3167 | D:4      | Killed Pikel
  3167 | D:4      | Reached skill level 6 in Fighting
  3167 | D:4      | Reached skill level 6 in Staves
  3167 | D:4      | Reached XP level 7. HP: 19/47 MP: 7/7
  3388 | D:4      | Reached skill level 7 in Fighting
  3464 | D:4      | Reached XP level 8. HP: 42/53 MP: 8/8
  3568 | D:4      | Found a staircase to the Ecumenical Temple.
  3623 | D:4      | Reached skill level 7 in Staves
  3642 | Temple   | Entered the Ecumenical Temple
  3821 | Temple   | Became a worshipper of Cheibriados the Contemplative
  4030 | D:4      | Noticed Sigmund
  4038 | D:4      | Killed Sigmund
  4081 | D:4      | Reached skill level 8 in Fighting
  4280 | D:4      | Found a blossoming altar of Fedhas.
  4379 | D:5      | Entered Level 5 of the Dungeon
  4533 | D:5      | Reached * piety under Cheibriados
  4747 | D:5      | Reached skill level 8 in Staves
  5367 | D:5      | Noticed Eustachio
  5385 | D:5      | Killed Eustachio
  5385 | D:5      | Reached XP level 9. HP: 54/60 MP: 9/9
  5434 | D:5      | Reached skill level 9 in Fighting
  5556 | D:6      | Reached skill level 9 in Staves
  5628 | D:6      | Reached ** piety under Cheibriados
  6171 | D:6      | Found a shimmering altar of Xom.
  6527 | D:7      | Found a sand-covered staircase.
  6532 | Ossuary  | Entered an ossuary
  6646 | Ossuary  | Reached skill level 1 in Armour
  6649 | Ossuary  | Reached skill level 1 in Invocations
  6658 | Ossuary  | Reached *** piety under Cheibriados
  6683 | Ossuary  | Reached skill level 10 in Fighting
  6748 | Ossuary  | Reached skill level 2 in Armour
  6748 | Ossuary  | Reached skill level 2 in Invocations
  7045 | D:7      | Got a fine whip
  7049 | D:7      | Identified the +6 whip "Kiteet" {vamp, +Inv +Fly rN+ Int-4} (You found it on level 7 of the Dungeon)
  7266 | D:8      | Reached skill level 1 in Maces & Flails
  7266 | D:8      | Reached skill level 3 in Invocations
  7270 | D:8      | Noticed Grum
  7277 | D:8      | Reached skill level 3 in Armour
  7279 | D:8      | Reached **** piety under Cheibriados
  7279 | D:8      | Reached XP level 10. HP: 68/68 MP: 12/12
  7291 | D:8      | Killed Grum
  7295 | D:8      | Reached skill level 2 in Maces & Flails
  7373 | D:8      | Noticed a two-headed ogre
  7390 | D:8      | Killed a two-headed ogre
  7390 | D:8      | Reached skill level 4 in Armour
  7390 | D:8      | Reached skill level 4 in Invocations
  7672 | D:9      | HP: 5/68 [orc warrior/halberd of chopping (19)]
  7673 | D:9      | Reached skill level 3 in Maces & Flails
  8257 | D:9      | Noticed a kobold demonologist
  8280 | D:9      | Killed a kobold demonologist
  8310 | D:9      | Got an ancient shield
  8316 | D:9      | Identified the +1 shield of the Farrier {+Blink rF- Str-3 Dex+8} (You found it on level 9 of the Dungeon)
  8387 | D:9      | Reached skill level 11 in Fighting
  8409 | D:9      | Reached skill level 5 in Invocations
  8420 | D:9      | HP: 1/69 [komodo dragon (10)]
  8422 | D:9      | Slain by a komodo dragon

Vanquished Creatures
  A two-headed ogre (D:8)
  Pikel (D:4)
  A kobold demonologist (D:9)
  A hornet (D:9)
  A dream sheep (D:6)
  A spriggan (D:8)
  Eustachio (D:5)
  Sigmund (D:4)
  Grum (D:8)
  An orc warrior (D:9)
  An eye of draining (D:9)
  A sky beast (D:6)
  A slave (D:4)
  2 black bears
  A necrophage (D:7)
  A phantom (D:9)
  4 wolves (D:8)
  An ogre (D:4)
  4 centaurs
  A bullfrog (D:5)
  2 elf zombies (Ossuary)
  A scorpion (D:9)
  4 wights (D:9)
  A howler monkey (D:6)
  2 centaur zombies (Ossuary)
  A crimson imp (D:6)
  5 human zombies (Ossuary)
  2 hounds (D:4)
  A jelly (D:5)
  5 orc priests
  A gnoll shaman (D:7)
  5 orc wizards
  A bullfrog skeleton (D:6)
  2 iguanas
  7 worker ants
  A killer bee zombie (D:9)
  A hound skeleton (D:6)
  2 mummies (Ossuary)
  7 gnolls
  10 adders
  2 shadow imps (D:5)
  An ooze (D:3)
  2 adder zombies (Ossuary)
  3 worms
  4 dart slugs
  5 leopard geckos
  29 orcs
  6 giant cockroaches
  6 goblins
  12 hobgoblins
  18 jackals
  6 quokkas
  A ball python (D:1)
  3 bats
  3 frilled lizards
  10 hobgoblin zombies (Ossuary)
  7 kobolds
  9 kobold zombies (Ossuary)
  A leopard gecko zombie (D:5)
  6 orc zombies (Ossuary)
  5 rats
  A rat zombie (Ossuary)
228 creatures vanquished.

Vanquished Creatures (others)
  4 dream sheep (D:6)
  A slave (D:4)
  A jelly (D:5)
  A bullfrog skeleton (D:4)
  A worker ant (D:5)
  A gnoll (D:2)
  A bat (D:2)
  A giant cockroach (D:2)
  5 jackals (D:4)
  A ball python (D:4)
17 creatures vanquished.

Grand Total: 245 creatures vanquished
